 Dungeon Crawl Stone Soup version 0.31-a0-640-g39d97e502b (webtiles) character file.

Game seed: 1527321410093302281

177 AtlasWard the Slasher (level 5, -3/47 HPs)
             Began as a Draconian Monk on Aug 27, 2023.
             Slain by Grinder (6 damage)
             ... while paralysed by Grinder
             ... on level 3 of the Dungeon.
             The game lasted 00:01:38 (1548 turns).

AtlasWard the Slasher (Draconian Monk)              Turns: 1548, Time: 00:01:38

Health: -3/47      AC:  6    Str: 13    XL:     5   Next: 30%
Magic:  5/5        EV:  2    Int: 11    God:
Gold:   120        SH:  0    Dex: 15    Spells: 4/4 levels left

rFire   . . .        b - +1 dagger (venom)
rCold   . . .        c - orb {light}
rNeg    . . .        (body armour unavailable)
rPois   .            (helmet restricted)
rElec   .            o - +0 cloak
rCorr   .            (no gloves)
SInv    .            (no boots)
Will    .....        (no amulet)
Stlth   +            (no ring)
HPRegen 0.27/turn    (no ring)
MPRegen 0.09/turn

%: no passive effects
@: paralysed, slowed, glowing
A: AC +5, unfitting armour, cold-blooded
a: no special abilities


You were on level 3 of the Dungeon.
You visited 1 branch of the dungeon, and saw 3 of its levels.

You collected 120 gold pieces.

Inventory:

Hand Weapons
 a - a +0 falchion
 b - a +1 dagger of venom (weapon)
Armour
 c - an orb of light (worn)
 o - a +0 cloak (worn)
Jewellery
 k - an amulet of reflection
Scrolls
 g - 4 scrolls of identify {unknown}
 l - 2 scrolls of fear {unknown}
 m - 3 scrolls of amnesia {unknown}
 n - a scroll of teleportation {unknown}
Potions
 d - 2 potions of brilliance
 e - a potion of ambrosia
 f - a potion of berserk rage {unknown}
 h - a potion of lignification {unknown}
 i - a potion of haste {unknown}
 j - 2 potions of curing {unknown}
 p - a potion of cancellation {unknown}


   Skills:
 + Level 4.7 Fighting
 * Level 5.2 Long Blades
 - Level 2.6 Dodging


You had 4 spell levels left.
You didn't know any spells.
Your spell library contained the following spells:

 Spells                   Type           Power      Damage    Failure   Level
 Volatile Blastmotes      Fire/Tloc      0%         2d10      71%         3
 Fulminant Prism          Conj/Hex       0%         3d5       98%         4
 Iskenderun's Mystic Bla  Conj/Tloc      0%         2d3       98%         4


Dungeon Overview and Level Annotations

Branches:
Dungeon (3/15)

Altars:

Annotations:
D:3 Grinder


Innate Abilities, Weirdness & Mutations

Your plain brown scales are hard. (AC +5)
You cannot fit into any form of body armour.
You are cold-blooded and may be slowed by cold attacks.


Message History

There is an open door here.
Done exploring.
Done exploring.
There is a shaft here.
There is a stone staircase leading down here.
You climb downwards.
The endoplasm quivers.
Found a leather armour.
Found a stone staircase leading up.
There is a stone staircase leading up here.
Grinder comes into view.
Grinder shouts!
Grinder blinks!
Found a scroll labelled MESOKU TUWOOFI and a leather armour.
You hit Grinder.
Grinder is poisoned.
You tail-slap Grinder.
Grinder is moderately wounded.
You hit Grinder but do no damage. You tail-slap Grinder.
Grinder is moderately wounded.
Grinder hits you!
You writhe in agony.
The endoplasm hits you but does no damage.
You hit Grinder.
Grinder is moderately wounded.
The endoplasm closely misses you. Grinder hits you.
You writhe in agony.
You hit Grinder.
Grinder looks as sick as possible!
You tail-slap Grinder.
Grinder is moderately wounded.
The endoplasm misses you. Grinder misses you.
You hit Grinder but do no damage.
Grinder looks as sick as possible!
Grinder is moderately wounded.
Grinder gestures at you.
You suddenly lose the ability to move!
The endoplasm freezes you.
You are frozen.
You feel yourself slow down.
The endoplasm hits you but does no damage.
Grinder hits you!
You writhe in agony.
* * * LOW HITPOINT WARNING * * *
Grinder says, "Tell me all your secrets, or I'll kill you."
Grinder hits you!
* * * LOW HITPOINT WARNING * * *
You writhe in agony.
You die...
Grinder says, "Now the real fun starts!"

####### ....... .
......[ ...
.......#####...<.
......J@.<.......
?.....5[.........
.................
.......####......
....... #.....
....... #...#
....... ####
#######


You could see Grinder (extremely poisoned) and an endoplasm.

Vanquished Creatures
  Sigmund (D:2)
  An adder (D:2)
  A dart slug (D:2)
  An endoplasm (D:1)
  A giant cockroach (D:1)
  3 goblins
  3 hobgoblins (D:2)
  4 ball pythons
  2 bats (D:1)
  3 frilled lizards
  3 kobolds
23 creatures vanquished.

Notes
Turn   | Place    | Note
-------+----------+-------------------------------------------
     0 | D:1      | AtlasWard the Draconian Monk began the quest for the Orb.
     0 | D:1      | Reached XP level 1. HP: 19/19 MP: 1/1
   231 | D:1      | Reached XP level 2. HP: 26/26 MP: 2/2
   752 | D:2      | Noticed Sigmund
   769 | D:2      | Killed Sigmund
   770 | D:2      | Reached skill level 5 in Long Blades
   770 | D:2      | Reached XP level 3. HP: 22/34 MP: 3/3
   770 | D:2      | Reached XP level 4. HP: 27/41 MP: 4/4
   770 | D:2      | Reached XP level 5. HP: 31/47 MP: 5/5
  1540 | D:3      | Noticed Grinder
  1546 | D:3      | Paralysed by Grinder for 4 turns
  1548 | D:3      | Slain by Grinder

Illustrated notes

Levels and vault maps discovered:
D:1:      eino_arrival_druids_welcome, layout_loops_ring
D:2:      minmay_wonky_spiral, layout_loops_corners, uniq_sigmund
D:3:      layout_rooms, amcnicky_altar_gilded, minmay_misc_feat_tiny,
          uniq_grinder

Skill      XL: |  1  2 |
---------------+-------+-----
Fighting       | 4 |  4.7
Long Blades    | 5 |  5.2
Dodging        | |  2.6

Action                     |  1- 3 |  4- 6 || total
---------------------------+-------+-------++-------
  Melee: Dagger            |    32 |    28 ||    60
         Falchion          |     5 |       ||     5
         Tailslap          |     9 |     6 ||    15
    Use: Potion            |     1 |       ||     1
 Armour: Skin              |     5 |     7 ||    12
  Dodge: Dodged            |    19 |    17 ||    36

Table legend: (Time is in decaauts)
 A = Elapsed time spent in this place.
 B = Non-inter-level travel time spent in this place.
 C = Inter-level travel time spent in this place.
 D = Time resting spent in this place.
 E = Time spent auto-exploring this place.
 F = Levels seen in this place.
 G = Mean time per level.
                   A        B        C        D        E       F      G
               +--------+--------+--------+--------+--------+-----+--------+
         Total |   1541 |   1467 |     74 |     58 |   1244 |   3 |  513.7 |
       Dungeon |   1541 |   1467 |     74 |     58 |   1244 |   3 |  513.7 |
               +--------+--------+--------+--------+--------+-----+--------+

Top non-repeatable levels by time:
     D:2: 930 daAuts
     D:1: 603 daAuts
     D:3: 8 daAuts
